 Dungeon Crawl Stone Soup version 0.13.0-67-g7ee5eca (webtiles) character file.

2061 Kae the Basher (level 8, -4/99 HPs)
             Began as a Minotaur Berserker on Nov 27, 2013.
             Was a High Priest of Trog.
             Slain by a killer bee (7 damage)
             ... on Level 7 of the Dungeon.
             The game lasted 00:06:35 (3738 turns).

Kae the Basher (Minotaur Berserker)                 Turns: 3738, Time: 00:06:36

HP  -4/99        AC  4     Str 27      XL: 8   Next: 73%
MP   2/2         EV 12     Int  5      God: Trog [*****.]
Gold 358         SH  0     Dex 11      Spells:  0 memorised,  7 levels left

Res.Fire  : . . .   See Invis. : .   a - +0 mace
Res.Cold  : . . .   Warding    : .   b - +0 animal skin
Life Prot.: . . .   Conserve   : .   (no shield)
Res.Poison: .       Res.Corr.  : .   (helmet restricted)
Res.Elec. : .       Clarity    : .   (no cloak)
Sust.Abil.: . .     Spirit.Shd : .   x - +0 pair of gauntlets
Res.Mut.  : .       Stasis     : .   G - +0 pair of boots
Res.Rott. : .       Flight     : .   y - amulet of faith
Saprovore : . . .                    (no ring)
                                     (no ring)

@: regenerating, berserking, mildly poisoned, very quick, very resistant to
hostile enchantments, extremely unstealthy
A: retaliatory headbutt, horns 2
a: Burn Spellbooks, Berserk, Trog's Hand, Brothers in Arms, Renounce Religion


You were on level 7 of the Dungeon.
You worshipped Trog.
Trog was extremely pleased with you.
You were very hungry.

You visited 1 branch of the dungeon, and saw 7 of its levels.

You collected 338 gold pieces.

Inventory:

Hand weapons
 a - a +0,+0 mace (weapon)
Armour
 b - a +0 animal skin (worn)
 x - a +0 pair of gauntlets (worn)
 G - a +0 pair of boots (worn)
Magical devices
 e - a wand of confusion (7)
 L - a wand of frost (15) {unknown}
Comestibles
 c - 3 bread rations
 m - 2 apples
 z - a meat ration
 H - a choko
 I - a pear
Scrolls
 d - 2 scrolls of noise {unknown}
 f - a scroll of fog {unknown}
 g - 4 scrolls of curse weapon {unknown}
 j - a scroll of curse jewellery {unknown}
 k - 3 scrolls of magic mapping {unknown}
 n - 2 scrolls of fear {unknown}
 o - a scroll of random uselessness {unknown}
 p - 6 scrolls of identify {unknown}
 q - a scroll of recharging {unknown}
 r - 3 scrolls of enchant weapon II {unknown}
 u - 2 scrolls of teleportation {unknown}
 w - a scroll of amnesia {unknown}
 C - 2 scrolls of remove curse {unknown}
 E - a scroll of enchant armour {unknown}
 K - a scroll of blinking {unknown}
Jewellery
 y - an amulet of faith (around neck)
 B - an uncursed ring of ice {unknown}
 J - a +1 ring of protection {unknown}
Potions
 h - a potion of slowing {unknown}
 i - a potion of beneficial mutation {unknown}
 l - a potion of might {unknown}
 s - a potion of mutation {unknown}
 t - 4 potions of curing
 v - 4 potions of speed {unknown}
 A - 3 potions of heal wounds {unknown}
 D - a potion of magic {unknown}
 F - a potion of cure mutation {unknown}


   Skills:
 - Level 3.7 Fighting
 * Level 13.2 Maces & Flails
 - Level 2.4 Armour
 - Level 2.2 Dodging


You had 7 spell levels left.
You didn't know any spells.

Dungeon Overview and Level Annotations

Branches:
Dungeon (7/27)             Temple (0/1) D:4
    Orc: D:6-11

Altars:
Trog
Zin

Shops:
D:4 /


Innate Abilities, Weirdness & Mutations

You reflexively headbutt those who attack you in melee.
You have a pair of horns on your head.


Message History

The killer bee stings you!
* * * LOW HITPOINT WARNING * * *
You are poisoned.
The killer bee poisons you!
You closely miss the killer bee. The killer bee misses you.
You furiously retaliate!
You headbutt the killer bee! The killer bee misses you.
You furiously retaliate!
You headbutt the killer bee!
Unknown command.
You sock the killer bee!
You kill the killer bee!
Trog accepts your kill. The killer bee stings you!
* * * LOW HITPOINT WARNING * * *
You are more poisoned.
The killer bee poisons you!
You miss the killer bee.
The killer bee is heavily wounded.
The killer bee stings you!
You die...

#.. . #.# .# #.#
.# #.# .# ######
#.# .#
.....###.#### k#
####........# k#
#####.##.#####k#
#........@.#
####.####### #.#
#.# #.# #.# #.#
..# #


You could see 3 killer bees.

Vanquished Creatures
  2 black bears (D:6)
  4 ogres
  Sigmund (D:3)
  3 giant frogs (D:6)
  A gnoll sergeant (D:6)
  3 killer bees (D:7)
  A troll skeleton (D:7)
  3 crimson imps
  A hound (D:6)
  An orc priest (D:6)
  Crazy Yiuf (D:2)
  7 worker ants
  3 orc wizards
  An ogre skeleton (D:7)
  Terence (D:2)
  8 adders
  4 gnolls
  A giant mite (D:3)
  3 worms
  3 giant geckos
  8 orcs
  A ball python (D:6)
  13 bats
  11 giant cockroaches
  9 goblins
  13 hobgoblins
  4 jackals (D:3)
  15 kobolds
  2 quokkas
  9 giant newts
  A jackal skeleton (D:6)
  A kobold skeleton (D:5)
  An orc zombie (D:6)
  14 rats
  A rat skeleton (D:4)
155 creatures vanquished.

Vanquished Creatures (others)
  A plant (D:1)
1 creature vanquished.

Grand Total: 156 creatures vanquished

Notes
Turn   | Place    | Note
--------------------------------------------------------------
     0 | D:1      | Kae, the Minotaur Berserker, began the quest for the Orb.
     0 | D:1      | Reached XP level 1. HP: 19/19 MP: 0/0
    73 | D:1      | Reached skill level 4 in Maces & Flails
   272 | D:1      | Reached XP level 2. HP: 23/26 MP: 0/0
   531 | D:1      | Acquired Trog's second power
   669 | D:2      | Reached skill level 5 in Maces & Flails
   686 | D:2      | Reached XP level 3. HP: 29/33 MP: 1/1
   728 | D:2      | Noticed Crazy Yiuf
   735 | D:2      | Killed Crazy Yiuf
   816 | D:2      | Noticed Terence
   824 | D:2      | Killed Terence
   824 | D:2      | Reached XP level 4. HP: 39/39 MP: 1/1
   826 | D:2      | Reached skill level 6 in Maces & Flails
  1206 | D:3      | Reached XP level 5. HP: 33/46 MP: 1/1
  1214 | D:3      | Reached skill level 7 in Maces & Flails
  1692 | D:3      | Noticed Sigmund
  1705 | D:3      | Killed Sigmund
  1705 | D:3      | Reached skill level 8 in Maces & Flails
  1705 | D:3      | Reached XP level 6. HP: 32/52 MP: 2/2
  1919 | D:4      | Reached skill level 9 in Maces & Flails
  2019 | D:4      | Found a staircase to the Ecumenical Temple.
  2115 | D:4      | Found Pizoipy's Magical Wand Shop.
  2180 | D:4      | Acquired Trog's third power
  2180 | D:4      | Reached XP level 7. HP: 55/59 MP: 2/2
  2314 | D:5      | Entered Level 5 of the Dungeon
  2358 | D:5      | Reached skill level 10 in Maces & Flails
  2430 | D:5      | Found a glowing silver altar of Zin.
  2900 | D:6      | Reached skill level 11 in Maces & Flails
  2930 | D:6      | Reached XP level 8. HP: 55/66 MP: 2/2
  2943 | D:6      | Found a bloodstained altar of Trog.
  2958 | D:6      | Reached skill level 12 in Maces & Flails
  3733 | D:7      | Reached skill level 13 in Maces & Flails
  3737 | D:7      | HP: 2/99 [killer bee (7)]
  3738 | D:7      | Slain by a killer bee

Action                   |  1- 3 |  4- 6 |  7- 9 || total
-------------------------+-------+-------+-------++-------
Melee: Mace              |    60 |   136 |   163 ||   359
Invok: Trog's Hand       |     1 |     5 |     4 ||    10
       Berserk           |     1 |     2 |     1 ||     4
  Use: Potion            |     1 |       |     1 ||     2
 Stab: Sleeping          |       |       |     1 ||     1
       Fleeing           |       |       |     1 ||     1
